 Dungeon Crawl Stone Soup version 0.23-a0-550-g7de1f8ee9f (webtiles) character file.

18 feta the Ruffian (level 2, -3/25 HPs)
             Began as a Naga Transmuter on Dec 8, 2018.
             Slain by a black bear (5 damage)
             ... on level 2 of the Dungeon.
             The game lasted 00:03:06 (1804 turns).

feta the Ruffian (Naga Transmuter)                  Turns: 1804, Time: 00:03:08

Health: -3/25      AC:  2    Str: 12    XL:     2   Next: 70%
Magic:  4/5        EV: 10    Int: 13    God:
Gold:   61         SH:  0    Dex: 11    Spells: 4/5 levels left

rFire    . . .     SeeInvis +     - Unarmed
rCold    . . .     Gourm    .   (no shield)
rNeg     . . .     Faith    .   b - +0 robe
rPois    +         Spirit   .   (no helmet)
rElec    .         Reflect  .   c - +0 cloak
rCorr    .         Harm     .   (no gloves)
MR       .....                  (no barding)
Stlth    +.........             (no amulet)
HPRegen  0.08/turn              (no ring)
MPRegen  0.09/turn              (no ring)

@: short of breath, appendage, very slow
A: large, horns 2, see invisible, deformed body, poison resistance, slowness 2,
slow metabolism 1, spit poison 1, AC +0
a: Spit Poison, End Transformation


You were on level 2 of the Dungeon.
You were hungry.
You had grown temporary horns.
You visited 1 branch of the dungeon, and saw 2 of its levels.

You collected 61 gold pieces.

Inventory:

Hand Weapons
 g - a cursed +0 dagger
Missiles
 a - 12 arrows
 n - 7 poisoned needles
Armour
 b - a +0 robe (worn)
 c - a +0 cloak (worn)
Scrolls
 f - a scroll of fog {unknown}
 j - a scroll of enchant armour {unknown}
 o - a scroll of teleportation {unknown}
 q - a scroll of fear {unknown}
 r - a scroll of immolation {unknown}
Potions
 e - a potion of curing {unknown}
 h - a potion of degeneration {unknown}
 i - 2 potions of flight {unknown}
 k - a potion of invisibility {unknown}
 l - a potion of brilliance {unknown}
 m - a potion of agility {unknown}
 p - a potion of heal wounds {unknown}
Comestibles
 d - 4 rations


   Skills:
 - Level 1.0 Fighting
 + Level 1.8 Dodging
 + Level 3.2 Unarmed Combat
 - Level 2.0 Spellcasting
 * Level 2.6 Transmutations


You had 4 spell levels left.
You knew the following spells:

 Your Spells              Type           Power        Failure   Level  Hunger
a - Beastly Appendage     Tmut           #.....       9%          1    ##.....

Your spell library contained the following spells:

 Spells                   Type           Power        Failure   Level  Hunger
 Sticks to Snakes         Tmut           #.......     13%         2    ###....
 Spider Form              Tmut/Pois      #.........   41%         3    ####...
 Ice Form                 Ice/Tmut       #.......     82%         4    #####..
 Blade Hands              Tmut           #.........   93%         5    ######.


Dungeon Overview and Level Annotations

Branches:
Dungeon (2/15)

Altars:


Innate Abilities, Weirdness & Mutations

You cannot wear boots.
Your serpentine skin is tough. (AC +0)
You have supernaturally acute eyesight. (SInv)
Armour fits poorly on your strangely shaped body.
Your system is resistant to poisons. (rPois)
You cover ground very slowly.
You have a slow metabolism.
You can spit poison.
You have a pair of horns on your head.


Message History

The black bear is moderately wounded.
You feel slightly more hungry.
Casting: Beastly Appendage (safe; 9% risk of failure)
Confirm with . or Enter, or press ? or * to list all spells.
You grow a pair of large bovine horns.
You closely miss the black bear.
The black bear is heavily wounded.
The black bear bites you. The black bear barely misses you.
The black bear claws you.
You hit the black bear. You headbutt the black bear!
The black bear is almost dead.
The black bear goes berserk!
You barely miss the black bear.
The black bear is almost dead.
The black bear bites you!
* * * LOW HITPOINT WARNING * * *
The black bear claws you.
* * * LOW HITPOINT WARNING * * *
The black bear claws you.
You die...

#.# #...#####......(. #.#.#
##.## ###...#.<. #.#.#
#.#####......... #.#.#
#.##....h.......
#.#.########.##.##.........
###............##.####.......
#.....########.##.####...#...
#.##...........#h......### .#
# #.######### #@#####.# #
#.###########.# #.##
#.............# #..#
##########.##.# #..#
#.##.#####..# #.##......<.#
#.#####.###.#####.# #.#
#...........# #.#
#..w......###


You could see a black bear (berserk).

Vanquished Creatures
  A worm (D:2)
  2 goblins
  4 hobgoblins (D:1)
  3 kobolds (D:1)
  A ball python (D:2)
  3 bats
  A rat (D:1)
15 creatures vanquished.

Notes
Turn   | Place    | Note
-------+----------+-------------------------------------------
     0 | D:1      | feta the Naga Transmuter began the quest for the Orb.
     0 | D:1      | Reached XP level 1. HP: 18/18 MP: 3/3
   470 | D:1      | Reached XP level 2. HP: 25/25 MP: 5/5
  1791 | D:2      | Noticed a black bear
  1804 | D:2      | Slain by a black bear

Vault maps used:
D:1:      dpeg_arrival_round_c
D:2:      serial_forest, infiniplex_forest_clump_curved,
          infiniplex_forest_lined_corner, infiniplex_forest_join,
          infiniplex_forest_clump_long

Action                   || total
-------------------------++-------
Melee: Unarmed           ||    46
       Headbutt          ||     8
 Cast: Beastly Appendage ||     9
 Abil: Spit Poison       ||    13
 Stab: Sleeping          ||     1
  Eat: Chunk             ||     2
Armor: Robe              ||    17
Dodge: Dodged            ||    36

Table legend:
 A = Non-vault XP
 B = Vault XP
 C = Vault XP percentage of total XP
 D = Non-vault monster count
 E = Vault monster count
 F = Vault count percentage of total count
                 A         B        C        D         E       F
            +---------+---------+-------+---------+---------+-------
      Total |      27 |       0 |   0.0 |      15 |       0 |   0.0
            +---------+---------+-------+---------+---------+-------
        D:1 |      18 |       0 |   0.0 |      11 |       0 |   0.0
        D:2 |       9 |       0 |   0.0 |       4 |       0 |   0.0
            +---------+---------+-------+---------+---------+-------
